Map: Curious Minds LE

Players

Darkshooter - Winner!

  • Race: Terran Terran
  • League: Gold

Doomtrain

  • Race: Protoss Protoss
  • League: Silver

VOD

Have the link to the VOD?

Description

Time

  • Played on: Feb. 12, 2022, 6:28 p.m.
  • Length: 23:03
Show
View Real Time Build Order
Export as new Build Order

Darkshooter Terran - Winner!

Build Orders: Gas First Reaper Expand 

Get SALT Encoding   

  12  0:00  SCV  
  13  0:12  SCV  
  14  0:22  Supply Depot  
  14  0:24  SCV  
  15  0:34  Refinery  
  15  0:47  Barracks  
  15  0:58  SCV  
  16  1:09  Supply Depot  
  16  1:10  SCV  
  17  1:22  SCV  
  18  1:39  Orbital Command  
  18  1:40  Reaper, Refinery  
  19  2:11  Command Center  
  19  2:12  Marine  
  20  2:17  SCV  
  21  2:29  SCV  
  22  2:37  Barracks Tech Lab  
  22  2:40  Barracks  
  22  2:41  SCV  
  23  3:03  SCV  
  23  3:05  Marine  
  25  3:15  SCV  
  25  3:27  SCV  
  25  3:29  Orbital Command, Engineering Bay  
  25  3:31  Barracks Tech Lab  
  25  3:33  Combat Shield  
  26  3:39  SCV  
  26  3:49  Barracks Reactor  
  26  3:50  Marauder  
  28  4:01  Terran Infantry Weapons Level 1  
  28  4:02  Factory  
  28  4:06  Orbital Command  
  28  4:07  Engineering Bay  
  28  4:35  SCV  
  28  4:37  SCV  
  30  4:38  Bunker  
  30  4:44  Terran Infantry Armor Level 1  
  30  4:47  Factory Tech Lab, SCV  
  30  4:49  SCV  
  30  4:50  Missile Turret  
  32  4:58  Marauder, Marine x2  
  32  4:59  SCV  
  37  5:00  Missile Turret  
  37  5:01  SCV  
  38  5:11  SCV  
  39  5:16  Siege Tank  
  39  5:18  SCV  
  43  5:24  SCV  
  43  5:27  Marauder  
  46  5:31  Supply Depot  
  46  5:32  Supply Depot  
  46  5:43  Barracks  
  46  5:52  SCV x2, Refinery, Marine x2  
  46  5:56  Barracks  
  50  5:58  Marauder  
  50  6:00  Barracks  
  52  6:05  SCV x2  
  52  6:08  Stimpack  
  54  6:13  Marine x2  
  54  6:26  Siege Tank  
  54  6:29  Marauder  
  59  6:37  SCV  
  60  6:43  Refinery  
  60  6:49  SCV  
  61  6:55  Starport  
  61  6:56  Factory  
  61  6:58  Supply Depot, Barracks Tech Lab  
  61  6:59  Barracks Reactor  
  61  7:01  SCV  
  61  7:07  Barracks  
  62  7:11  Armory  
  62  7:20  SCV, Siege Tank  
  66  7:33  Concussive Shells  
  66  7:35  Command Center  
  66  7:36  Starport Reactor  
  66  7:41  Factory Reactor  
  66  7:42  Supply Depot  
  66  7:50  Marauder, Marine x3  
  66  7:51  Marine  
  72  7:52  Marauder  
  72  7:53  Siege Tank  
  72  7:55  Barracks Tech Lab  
  77  7:59  Terran Infantry Weapons Level 2  
  77  8:04  Supply Depot  
  77  8:10  Terran Infantry Armor Level 2  
  77  8:24  Supply Depot, Terran Vehicle Weapons Level 1  
  77  8:27  Marine x2  
  77  8:28  Marine x2  
  77  8:29  Marine  
  81  8:39  Siege Tank  
  84  8:42  Widow Mine x2  
  84  8:46  Supply Depot  
  88  8:59  Medivac x2  
  92  9:27  Supply Depot  
  92  9:29  Widow Mine  
  92  9:30  Widow Mine  
  96  9:31  Siege Tank  
  96  9:32  Medivac x2  
  96  9:33  Missile Turret, Refinery  
  103  9:42  Refinery  
  103  9:54  Missile Turret  
  103  10:01  Marauder x3, Marine x2  
  103  10:02  Marine x2  
  103  10:04  Siege Tank  
  103  10:06  Widow Mine x2  
  120  10:10  Planetary Fortress  
  120  10:15  Missile Turret  
  120  10:20  Terran Vehicle Weapons Level 2  
  120  10:36  Missile Turret  
  120  10:56  Missile Turret  
  120  11:06  Marauder x3, Marine  
  120  11:07  Marine x3  
  120  11:08  Siege Tank  
  133  11:14  Supply Depot  
  133  11:36  Widow Mine x2, Supply Depot  
  137  11:43  Marauder x2  
  137  11:44  Marauder  
  137  11:45  Marine x2  
  137  11:46  Marine x2  
  141  11:48  Siege Tank  
  129  11:57  Widow Mine x2  
  129  11:58  Supply Depot  
  133  12:03  Marine  
  133  12:04  Marauder  
  93  12:57  SCV  
  92  13:04  Marauder x3  
  92  13:05  Marine x4  
  95  13:09  SCV  
  95  13:21  SCV  
  95  13:23  Marine  
  95  13:25  Marauder x3  
  98  13:44  Marine x4  
  98  13:46  Marauder  
  98  13:47  Widow Mine x2, Marauder x2  
  107  13:48  Medivac x2  
  107  13:49  Siege Tank  
  114  14:02  Marine  
  111  14:18  Marauder x3  
  111  14:21  Siege Tank  
  111  14:23  Widow Mine x2  
  124  14:25  Marine x2  
  124  14:30  SCV  
  127  14:39  Marauder x2  
  127  14:40  Marauder  
  127  14:42  SCV  
  134  15:01  Marauder x2  
  134  15:03  Marine x2  
  134  15:04  Terran Infantry Weapons Level 3  
  134  15:05  Terran Infantry Armor Level 3  
  140  15:07  Marine x2  
  140  15:09  Marauder  
  140  15:11  Siege Tank  
  140  15:12  Widow Mine x2  
  140  15:13  Medivac x2  
  155  15:39  Marauder  
  157  15:51  Supply Depot  
  157  15:54  Supply Depot  
  157  15:56  Terran Vehicle Weapons Level 3  
  157  16:12  Marine x4  
  157  16:13  Marauder x2  
  157  16:14  Supply Depot  
  157  16:16  Widow Mine x2, Marauder  
  171  16:19  Supply Depot  
  171  16:30  Marine x2  
  173  16:35  Siege Tank  
  173  16:36  Supply Depot, Marauder  
  173  16:37  Marauder  
  180  16:42  Supply Depot  
  180  16:46  Marauder  
  182  16:48  Marine x3  
  182  16:49  Marine  
  182  16:52  Widow Mine  
  188  16:58  Marauder x2  
  192  17:06  Marine x2  
  192  17:07  Marauder  
  192  17:08  Siege Tank  
  187  17:19  Marauder  
  165  17:40  Siege Tank  
  165  17:43  Command Center  
  164  18:12  Siege Tank  
  164  19:30  Planetary Fortress  
  164  20:08  Command Center  
  164  20:22  Marauder  
  164  20:23  Marauder x2  
  164  20:24  Marine x4  
  164  20:27  Widow Mine x2  
  164  20:30  Siege Tank  
  164  20:41  Marine  
  164  20:42  Marine  
  164  20:44  Marauder x3  
  164  20:58  Refinery  
  164  21:02  Refinery  
  164  21:31  Planetary Fortress  
  164  22:18  Medivac  
  164  22:19  Medivac  
Show
View Real Time Build Order
Export as new Build Order

Doomtrain Protoss 

Build Orders: 1 Gate Expand 

Get SALT Encoding   

  12  0:00  Probe  
  13  0:12  Probe (Chrono Boost)  
  14  0:19  Pylon  
  14  0:24  Probe (Chrono Boost)  
  15  0:36  Probe (Chrono Boost)  
  15  0:39  Gateway  
  16  0:49  Probe  
  17  0:52  Assimilator  
  17  1:01  Probe  
  18  1:13  Probe  
  19  1:31  Probe  
  20  1:38  Cybernetics Core  
  20  1:44  Nexus  
  20  1:46  Pylon, Probe  
  21  1:52  Assimilator  
  21  2:06  Probe  
  22  2:18  Probe  
  23  2:23  Gateway  
  23  2:25  Robotics Facility  
  23  2:34  Twilight Council  
  23  2:38  Probe  
  24  2:46  Warp Gate  
  24  2:51  Probe  
  25  2:53  Adept (Chrono Boost)  
  27  3:04  Probe x2  
  26  3:16  Probe  
  27  3:28  Observer  
  27  3:32  Probe x2  
  30  3:41  Gateway  
  30  3:42  Gateway  
  30  3:44  Probe x2  
  30  3:45  Shield Battery  
  32  3:56  Probe x2  
  32  4:00  Stalker  
  32  4:02  Stalker  
  38  4:09  Probe (Chrono Boost)  
  39  4:12  Probe (Chrono Boost)  
  40  4:21  Forge, Probe (Chrono Boost)  
  40  4:23  Probe (Chrono Boost)  
  40  4:26  Probe (Chrono Boost)  
  40  4:27  Blink (Chrono Boost), Probe (Chrono Boost)  
  42  4:38  Stalker x2  
  46  4:48  Protoss Ground Weapons Level 1  
  46  4:59  Pylon  
  46  5:03  Pylon  
  46  5:17  Immortal, Probe x2  
  52  5:25  Nexus  
  52  5:26  Pylon  
  52  5:36  Stalker  
  52  5:37  Stalker x2  
  52  5:39  Zealot  
  60  5:48  Probe x2  
  62  5:53  Assimilator  
  62  5:59  Assimilator  
  62  6:00  Probe x2  
  64  6:11  Stalker  
  64  6:12  Probe  
  64  6:15  Sentry  
  67  6:49  Immortal  
  67  6:53  Probe x2  
  73  6:59  Probe  
  74  7:12  Probe  
  75  7:16  Pylon  
  75  7:18  Pylon  
  75  7:19  Pylon  
  75  7:21  Protoss Ground Weapons Level 2  
  75  7:24  Probe  
  76  7:36  Probe  
  77  7:39  Gateway  
  77  7:41  Gateway  
  77  7:43  Gateway  
  77  7:48  Robotics Bay, Probe  
  77  7:49  Robotics Facility  
  78  7:53  Robotics Facility  
  78  7:59  Stalker  
  78  8:01  Zealot  
  78  8:02  Zealot x2  
  86  8:06  Probe  
  87  8:19  Probe (Chrono Boost)  
  88  8:27  Pylon  
  88  8:30  Pylon  
  88  8:31  Probe (Chrono Boost)  
  89  8:36  Nexus  
  89  8:38  Probe (Chrono Boost)  
  89  8:40  Pylon  
  90  8:41  Pylon  
  90  8:44  Stalker x3  
  90  8:45  Pylon x2, Probe  
  97  8:55  Probe  
  98  8:56  Probe  
  98  8:57  Probe  
  100  9:04  Observer, Warp Prism  
  100  9:06  Disruptor  
  100  9:07  Probe  
  100  9:08  Probe  
  100  9:09  Probe  
  109  9:24  Disruptor  
  109  9:28  Stalker x3  
  109  9:29  Stalker x2  
  109  9:30  Stalker x2  
  126  9:37  Shield Battery  
  126  9:39  Disruptor  
  126  9:41  Disruptor  
  126  9:42  Shield Battery  
  126  9:45  Shield Battery  
  132  9:56  Probe  
  133  10:00  Assimilator  
  133  10:03  Assimilator  
  133  10:08  Probe  
  134  10:20  Probe  
  135  10:28  Stalker x4  
  137  10:29  Stalker x3  
  137  10:32  Probe  
  150  10:38  Templar Archives  
  150  10:41  Cybernetics Core  
  150  10:42  Stargate  
  150  10:44  Probe  
  150  10:45  Stargate  
  151  11:05  Shield Battery  
  151  11:06  Shield Battery  
  151  11:09  Shield Battery  
  151  11:11  Shield Battery  
  151  11:19  Stalker x4  
  149  11:32  Stalker  
  149  11:33  Stalker x5  
  137  11:58  Stalker x3  
  137  11:59  Stalker x2  
  143  12:27  Pylon  
  130  12:30  Pylon  
  130  12:31  Pylon  
  130  12:35  Pylon  
  130  12:36  Pylon  
  108  12:37  Pylon  
  108  12:40  Pylon  
  66  12:56  Stalker x5  
  70  13:10  Void Ray  
  70  13:21  Stalker x2  
  70  13:22  Stalker x2  
  70  13:23  Stalker  
  70  13:24  Stalker  
  74  13:43  Observer  
  74  13:44  Void Ray  
  75  14:14  Void Ray, Colossus (Chrono Boost)  
  85  14:24  Colossus (Chrono Boost)  
  85  14:27  Probe  
  90  14:32  Assimilator  
  90  14:33  Protoss Ground Armor Level 1  
  90  14:36  Assimilator  
  90  14:38  Probe  
  91  14:39  Probe  
  91  14:42  Void Ray  
  91  14:43  Warp Prism  
  94  14:46  Charge (Chrono Boost)  
  94  14:47  Zealot  
  94  14:48  Zealot x5  
  94  14:49  Zealot  
  94  14:50  Probe  
  94  14:51  Probe  
  114  15:02  Probe  
  114  15:03  Probe  
  116  15:10  Zealot x6  
  116  15:11  Zealot  
  116  15:12  Protoss Air Weapons Level 1  
  131  15:14  Probe  
  131  15:15  Observer, Probe  
  131  15:19  Void Ray  
  133  15:26  Probe  
  138  15:43  Probe  
  139  15:55  Probe  
  140  16:00  High Templar x2  
  140  16:01  High Templar  
  140  16:03  Pylon, Nexus  
  146  16:05  High Templar  
  146  16:06  Pylon x2  
  146  16:07  Assimilator, Pylon, Probe  
  146  16:09  Assimilator, Pylon  
  149  16:14  Archon  
  149  16:17  Archon  
  149  16:19  Probe  
  149  16:20  Zealot x3  
  156  16:31  Probe  
  157  16:39  Sentry x2  
  161  16:40  Sentry  
  161  16:42  Zealot x4  
  63  17:32  Stalker  
  63  17:33  Stalker x5  
  63  17:34  Stalker  
  64  17:38  Disruptor  
  64  17:39  Disruptor  
  54  17:59  Stalker x2  
  54  18:01  Zealot x3  
Tags
 
Add a new tag
Caveats
  • Supply blocks, unpowered buildings, or Contaminate may cause inaccurate times.
  • Supply counts are checked every 10 seconds.